 Dungeon Crawl Stone Soup version 0.21.1-1-g345015fe64 (webtiles) character file.

81 Peloso the Skirmisher (level 4, -10/41 HPs)
             Began as a Minotaur Fighter on July 13, 2018.
             Splashed by a kobold's acid (14 damage)
             ... on level 3 of the Dungeon.
             The game lasted 00:02:00 (1712 turns).

Peloso the Skirmisher (Minotaur Fighter)            Turns: 1712, Time: 00:02:06

Health: -10/41     AC:  4    Str: 20    XL:     4   Next: 20%
Magic:  3/3        EV:  4    Int:  5    God:
Gold:   97         SH:  9    Dex: 11    Spells: 3/3 levels left

rFire    . . .     SeeInvis .   a - +0 long sword
rCold    . . .     Gourm    .   c - +0 shield
rNeg     . . .     Faith    .   b - +0 plate armour
rPois    .         Spirit   .   (helmet restricted)
rElec    .         Reflect  .   (no cloak)
rCorr    .         Harm     .   (no gloves)
MR       .....                  (no boots)
Stlth    ..........             (no amulet)
HPRegen  0.13/turn              (no ring)
MPRegen  0.08/turn              (no ring)

@: corroded
A: retaliatory headbutt, horns 2
a: no special abilities


You were on level 3 of the Dungeon.
You were hungry.

You visited 1 branch of the dungeon, and saw 3 of its levels.

You collected 97 gold pieces.

Inventory:

Hand Weapons
 a - a +0 long sword (weapon)
Armour
 b - a +0 plate armour (worn)
 c - a +0 shield (worn)
Scrolls
 e - 7 scrolls of identify {unknown}
 h - a scroll of fear {unknown}
 i - a scroll of teleportation {unknown}
 k - a scroll of enchant armour {unknown}
 l - a scroll of noise {unknown}
Potions
 d - a potion of might
 g - a potion of curing {unknown}
 m - a potion of degeneration {unknown}
Books
 j - a book of Maledictions

   Spells                             Type                      Level
   a - Corona                         Hexes                        1
   b - Ensorcelled Hibernation        Hexes/Ice                    2
   c - Confuse                        Hexes                        3
   d - Tukima's Dance                 Hexes                        3
   e - Dazzling Spray                 Conjuration/Hexes            3
Comestibles
 f - 5 rations


   Skills:
 + Level 4.5 Fighting
 + Level 3.3 Long Blades
 + Level 4.4 Armour
 + Level 0.1 Dodging
 + Level 4.2 Shields


You had 3 spell levels left.
You didn't know any spells.

Dungeon Overview and Level Annotations

Branches:
Dungeon (3/15)

Altars:
Fedhas


Innate Abilities, Weirdness & Mutations

You reflexively headbutt those who attack you in melee.
You have a pair of horns on your head.


Message History

A kobold is nearby!
A kobold is nearby!
The kobold shouts!
The kobold throws a stone.
The stone hits you but does no damage.
You see here a stone.
A rat comes into view.
The kobold throws a stone.
The stone hits you but does no damage.
You see here a stone.
The kobold throws a stone.
The stone barely misses you.
The kobold zaps a wand.
The bolt of acid hits you!
You are splashed with acid!
The acid burns!
It is a wand of acid (10).
You block the kobold's attack.
You hit the kobold but do no damage. Your headbutt misses the kobold.
The kobold zaps a wand.
The bolt of acid hits you! The acid corrodes you!
You are splashed with acid!
The acid burns!
* * * LOW HITPOINT WARNING * * *
The kobold zaps a wand.
The bolt of acid hits you!
* * * LOW HITPOINT WARNING * * *
The acid corrodes you!
You are splashed with acid!
The acid burns!
You die...

..# #######.# #.#..
#.....#.# #.#.# #
#.##.##.# #.#.# ..
#.##.##.# #.#.##..
#.......###.....
#..#...(....#.# ##
####..####..(...r#..#
.........#.#.(..@...#
########.#.######K#....#
#.#.# ... ..# #.#.# ####
# ########.#.#
(......#...# #......†.##
#......#.....#
#.#....####..#


You could see a kobold and a rat.

Vanquished Creatures
  4 adders
  A dart slug (D:3)
  2 leopard geckos (D:1)
  A ball python (D:1)
  4 bats
  4 giant cockroaches (D:1)
  3 goblins (D:1)
  3 hobgoblins
  12 kobolds
  3 quokkas (D:2)
  A frilled lizard (D:2)
  4 rats
42 creatures vanquished.

Notes
Turn   | Place    | Note
-------+----------+-------------------------------------------
     0 | D:1      | Peloso the Minotaur Fighter began the quest for the Orb.
     0 | D:1      | Reached XP level 1. HP: 19/19 MP: 0/0
   131 | D:1      | Reached XP level 2. HP: 27/27 MP: 1/1
   940 | D:2      | Reached XP level 3. HP: 32/33 MP: 2/2
  1559 | D:3      | Reached XP level 4. HP: 41/41 MP: 3/3
  1617 | D:3      | Found a blossoming altar of Fedhas.
  1712 | D:3      | Splashed by a kobold's acid

Skill      XL: |  1  2  3 |
---------------+----------+-----
Shields        | 4 |  4.2
Fighting       | 4 |  4.5
Armour         | 4 |  4.4
Long Blades    | 3 |  3.3
Dodging        | |  0.1

Action                   |  1- 3 |  4- 6 || total
-------------------------+-------+-------++-------
Melee: Long sword        |    89 |     7 ||    96
       Headbutt          |    13 |     2 ||    15
  Eat: Chunk             |     1 |     1 ||     2
Armor: Scale mail        |    27 |       ||    27
       Plate armour      |    25 |     3 ||    28
Dodge: Dodged            |    17 |     2 ||    19
Block: Shield            |    57 |     5 ||    62
       Rpst.: Long sword |     5 |       ||     5
